 Dungeon Crawl Stone Soup version 0.25.1-2-g60ff931df9 (webtiles) character file.

Game seed: 10490796599317761653

3453 DildoBatman the Skirmisher (level 10, -11/77 HPs)
             Began as a Formicid Wizard on Sept 7, 2020.
             Was a Follower of Kikubaaqudgha.
             Mangled by a two-headed ogre
             ... wielding a +0 giant spiked club
              (26 damage)
             ... on level 8 of the Dungeon.
             The game lasted 00:35:31 (10171 turns).

DildoBatman the Skirmisher (Formicid Wizard)       Turns: 10171, Time: 00:35:31

Health: -11/77     AC:  4    Str: 12    XL:     10   Next: 26%
Magic:  14/15      EV: 14    Int: 21    God:    Kikubaaqudgha [*.....]
Gold:   738        SH:  0    Dex:  9    Spells: 9/16 levels left

rFire    . . .     SeeInvis +   a - +9 flail "Hydra's Funeral" {freeze, +Blink rElec MR- Stlth+}
rCold    . . .     Gourm    .   (no shield)
rNeg     + . .     Faith    .   r - +1 robe
rPois    .         Spirit   .   (helmet unavailable)
rElec    +         Reflect  .   A - +0 cloak
rCorr    .         Harm     .   (no gloves)
MR       .....                  (no boots)
Stlth    +++.......             (no amulet)
HPRegen  0.22/turn              c - ring of positive energy
MPRegen  0.14/turn              C - ring of teleportation (curse)

@: no status effects
A: permanent stasis, dig shafts and tunnels, four strong arms, antennae 3
a: Dig, Shaft Self, Receive Corpses, Renounce Religion


You were on level 8 of the Dungeon.
You worshipped Kikubaaqudgha.
Kikubaaqudgha was aware of your devotion.
You were hungry.

You visited 2 branches of the dungeon, and saw 9 of its levels.
You also visited: Ossuary.

You collected 738 gold pieces.

Inventory:

Hand Weapons
 a - the +9 flail "Hydra's Funeral" (weapon) {freeze, +Blink rElec MR- Stlth+}
   (You found it on level 5 of the Dungeon)

   It has been specially enchanted to freeze those struck by it, causing extra
   injury to most foes and up to half again as much damage against particularly
   susceptible opponents.
   It can also slow down cold-blooded creatures.
   It insulates you from electricity.
   It affects your resistance to hostile enchantments.
   It lets you blink.
   It makes you more stealthy.
 b - a +0 hunting sling of freezing
Missiles
 d - 165 stones (quivered)
 e - 12 poisoned darts
 j - 40 bolts
 m - 70 sling bullets
 p - 77 arrows
 B - 3 throwing nets
Armour
 r - a +1 robe (worn)
 A - a +0 cloak (worn)
Magical Staves
 o - an uncursed staff of conjuration {unknown}
Jewellery
 c - a ring of positive energy (left hand)
 C - a cursed ring of teleportation (right hand)
Wands
 n - a wand of polymorph (5)
Scrolls
 f - 3 scrolls of enchant weapon
 h - 3 scrolls of immolation
 x - 2 scrolls of fear
 y - a scroll of enchant armour
Potions
 i - 2 potions of stabbing {unknown}
 k - 3 potions of curing
 l - 2 potions of heal wounds {unknown}
 s - 3 potions of mutation {unknown}
 t - 3 potions of invisibility {unknown}
 u - 2 potions of flight {unknown}
 w - a potion of ambrosia
 D - a potion of degeneration {unknown}
 E - 3 potions of berserk rage {unknown}
 F - a potion of might {unknown}
 G - a potion of brilliance {unknown}
Comestibles
 v - 5 rations


   Skills:
 * Level 6.5 Fighting
 * Level 6.5 Armour
 * Level 5.8 Dodging
 - Level 2.4 Stealth
 * Level 3.8 Spellcasting
 - Level 6.0 Conjurations
   Level 1.0 Summonings
   Level 0.8 Translocations
 - Level 5.0 Fire Magic
 - Level 2.3 Air Magic


You had 9 spell levels left.
You knew the following spells:

 Your Spells              Type           Power        Failure   Level  Hunger
a - Conjure Flame         Conj/Fire      ####....     3%          3    ###....
c - Magic Dart            Conj           ####         1%          1    None
e - Mephitic Cloud        Conj/Pois/Air  ###.....     12%         3    ###....

Your spell library contained the following spells:

 Spells                   Type           Power        Failure   Level  Hunger
 Freeze                   Ice            #...         12%         1    None
 Pain                     Necr           #...         12%         1    None
 Call Imp                 Summ           #.......     12%         2    ##.....
 Corpse Rot               Necr/Air       N/A          12%         2    ##.....
 Slow                     Hex            #.......     19%         2    ##.....
 Sublimation of Blood     Necr           #.........   19%         2    ##.....
 Hailstorm                Conj/Ice       ###.....     34%         4    ####...
 Frozen Ramparts          Ice            #.....       36%         3    ###....
 Ozocubu's Armour         Chrm/Ice       #.......     36%         3    ###....
 Vampiric Draining        Necr           #.........   36%         3    ###....
 Summon Ice Beast         Ice/Summ       #.......     69%         4    ####...
 Blink                    Tloc           Unusable     N/A         2    N/A

Dungeon Overview and Level Annotations

Branches:
Dungeon (8/15)             Temple (1/1) D:7         Ossuary (visited)
   Lair: D:8-11

Altars:
Ashenzari
Cheibriados
Dithmenos
Fedhas
Gozag
Hepliaklqana
Kikubaaqudgha
Makhleb
Nemelex Xobeh
Okawaru
Qazlal
Ru
Sif Muna
Trog
Uskayaw
Vehumet
Wu Jian
Xom
Yredelemnul
Zin
The Shining One

Portals:
Bailey: D:8

Annotations:
D:7 1 runed translucent door, releu's ghost, novice DrIE


Innate Abilities, Weirdness & Mutations

You cannot be hasted, slowed, berserked, paralysed or teleported.
You can dig through walls and to a lower floor.
Your four strong arms can wield two-handed weapons with a shield.
You have a pair of large antennae on your head. (SInv)


Message History

Aiming: Mephitic Cloud (dangerous; 12% risk of failure)
Press: ? - help, Shift-Dir - straight line The ball explodes into a vile cloud!
The stinking cloud engulfs the two-headed ogre but does no damage.
You hear a shout!
The two-headed ogre is engulfed in noxious fumes.
The two-headed ogre is engulfed in noxious fumes.
A centaur comes into view.
The centaur wields a +0 shortbow.
The centaur shoots an arrow.
The arrow hits you.
You see here an arrow.
The centaur shoots an arrow.
The arrow hits you!
There is a stone staircase leading up, spattered with blood here.
You see here an arrow.
The two-headed ogre hits you with a +0 giant spiked club!!
The two-headed ogre hits you with a +0 giant club!!
You die...
Kikubaaqudgha rasps: "You have failed me!
Welcome... death!"

####..........# #.#
#.# ..............#
#.#####.###
.###....).....#
#O#...O...# ##
##.#[#.#####
#.#.####### # #.#[#.#
#.#.# #
#.#.#.#######.#.# #
#.#.#..O......#.# #
#.#.###########.#
#####.#.#.....c.@.#.#
........(..>####O##.#
...##...#.#......##.#
...##...#.#.#######.#
...##...#.#.# #.#
#####...#.#.# #.#
#...#.#.. #.# .{
#...#.### #.# ..
#.c.#.. #.#


You could see a two-headed ogre and a centaur.

Vanquished Creatures
  Harold (D:7)
  Joseph (D:7)
  A troll (D:4)
  A hungry ghost (D:8)
  A water moccasin (D:8)
  Duvessa (D:4)
  2 ice beasts
  A sky beast (D:5)
  2 ogres
  2 centaurs
  2 bullfrogs
  Dowan (D:4)
  3 scorpions
  2 howler monkeys (D:5)
  2 crimson imps
  A centaur zombie (D:5)
  A bullfrog zombie (D:8)
  2 hounds
  2 bullfrog skeletons (D:4)
  An orc priest (D:7)
  3 iguanas
  Ijyb (D:5)
  3 orc wizards
  5 worker ants
  8 mummies (Ossuary)
  13 adders
  An ooze (D:2)
  4 adder skeletons
  2 dart slugs
  5 leopard geckos
  12 orcs
  3 giant cockroaches
  5 goblins
  6 hobgoblins
  12 jackals
  4 quokkas
  2 ball pythons (D:3)
  4 bats
  6 frilled lizards
  A gnoll zombie (Ossuary)
  3 hobgoblin zombies (Ossuary)
  11 kobolds
  2 kobold zombies (Ossuary)
  2 orc zombies (Ossuary)
  5 rats
153 creatures vanquished.

Notes
Turn   | Place    | Note
-------+----------+-------------------------------------------
     0 | D:1      | DildoBatman the Formicid Wizard began the quest for the
                  | Orb.
     0 | D:1      | Reached XP level 1. HP: 13/13 MP: 4/4
    44 | D:1      | Reached skill level 1 in Conjurations
   431 | D:1      | Reached XP level 2. HP: 19/19 MP: 1/6
   803 | D:1      | You fall into a shaft and drop 1 floor!
   806 | D:2      | Reached XP level 3. HP: 24/24 MP: 3/7
  2416 | D:3      | Reached XP level 4. HP: 30/30 MP: 3/8
  2970 | D:3      | Learned a level 3 spell: Conjure Flame
  2979 | D:3      | Learned a level 3 spell: Mephitic Cloud
  3188 | D:3      | Found a stormy altar of Qazlal.
  3267 | D:3      | Found a shattered altar of Ashenzari.
  3468 | D:3      | Reached XP level 5. HP: 35/35 MP: 0/9
  4030 | D:3      | You fall into a shaft and drop 2 floors!
  4030 | D:5      | Entered Level 5 of the Dungeon
  4117 | D:5      | Noticed a sky beast
  4135 | D:5      | Killed a sky beast
  4135 | D:5      | Reached skill level 1 in Fire Magic
  4135 | D:5      | Reached skill level 1 in Air Magic
  4135 | D:5      | Reached XP level 6. HP: 17/41 MP: 7/10
  4223 | D:5      | Got a crystal flail
  4327 | D:5      | Noticed Ijyb
  4506 | D:5      | Reached skill level 5 in Conjurations
  4598 | D:5      | Killed Ijyb
  4848 | D:5      | Reached XP level 7. HP: 44/46 MP: 7/11
  5175 | D:4      | Noticed a troll
  5264 | D:4      | Noticed Duvessa
  5278 | D:4      | Noticed Dowan
  5342 | D:4      | Killed Dowan
  5449 | D:4      | Killed Duvessa
  5518 | D:4      | Found a sand-covered staircase.
  5529 | Ossuary  | Entered an ossuary
  6095 | D:4      | Identified the +9 flail "Hydra's Funeral" {freeze, +Blink
                  | rElec MR- Stlth+} (You found it on level 5 of the Dungeon)
  6171 | D:4      | Reached XP level 8. HP: 49/52 MP: 7/12
  6324 | D:4      | Found a radiant altar of Vehumet.
  7143 | D:4      | Killed a troll
  7143 | D:4      | Reached skill level 5 in Fire Magic
  7143 | D:4      | Reached skill level 1 in Fighting
  7143 | D:4      | Reached skill level 1 in Armour
  7607 | D:6      | Found an ornate altar of the Wu Jian Council.
  7998 | D:7      | Noticed Joseph
  8016 | D:7      | Noticed Harold
  8079 | D:7      | Reached XP level 9. HP: 56/63 MP: 10/13
  8147 | D:7      | Found a staircase to the Ecumenical Temple.
  8158 | Temple   | Entered the Ecumenical Temple
  8299 | Temple   | Became a worshipper of Kikubaaqudgha
  8760 | D:4      | Found a burning altar of Makhleb.
  9060 | D:7      | Killed Harold
  9060 | D:7      | Reached skill level 5 in Fighting
  9060 | D:7      | Reached skill level 5 in Armour
  9312 | D:7      | Reached skill level 5 in Dodging
  9436 | D:7      | Killed Joseph
  9436 | D:7      | Reached XP level 10. HP: 65/76 MP: 11/14
  9544 | D:7      | Found a runed translucent door.
  9544 | D:7      | Noticed releu's ghost (novice DrIE)
  9790 | D:8      | Noticed a two-headed ogre
  9904 | D:8      | Reached * piety under Kikubaaqudgha
  9904 | D:8      | Identified Kikubaaqudgha's Compendium of Unholy Rituals
                  | (Kikubaaqudgha gifted it to you on level 8 of the Dungeon)
  9904 | D:8      | Received a gift from Kikubaaqudgha
 10015 | D:8      | Found a flagged portal.
 10171 | D:8      | Mangled by a two-headed ogre

Illustrated notes

Levels and vault maps discovered:
D:1:      shiori_shiawase, layout_basic, chequers_big_river
D:2:      minmay_recursive_quarters, layout_basic
D:3:      layout_basic, old_standard_altar, nicolae_qazlal_general_emergency
D:4:      layout_loops_ring, grunt_temple_overflow_lords_of_destruction,
          chequers_ossuary_entry_cave, minmay_fountain_box, nzn_random_ring,
          uniq_duvessa
D:5:      layout_basic, first_ration, uniq_ijyb
D:6:      layout_loops_cross, nicolae_overflow_crystal_walls
D:7:      layout_gridville, minmay_temple_entry_proselytizer,
          gammafunk_ghost_grave, uniq_joseph, uniq_harold
D:8:      layout_basic, elyvilon_altar_5, enter_bailey_2, uniq_gastronok
Temple:   nicolae_temple_elliptical

Skill      XL: |  1  2  3  4  5  6  7  8  9 10 |
---------------+-------------------------------+-----
Conjurations   | 1 2 3 4 5 6 |  6.0
Fire Magic     | 1 2 3 5 |  5.0
Air Magic      | 1 2 |  2.3
Fighting       | 3 5 6 |  6.5
Armour         | 3 5 6 |  6.5
Dodging        | 3 5 |  5.8
Stealth        | |  2.4
Spellcasting   | |  3.8
Summonings     | |  1.0
Translocations | |  0.8

Action                   |  1- 3 |  4- 6 |  7- 9 | 10-12 || total
-------------------------+-------+-------+-------+-------++-------
Melee: Short sword       |       |     6 |       |       ||     6
       Flail             |       |       |    98 |    29 ||   127
 Fire: Hunting sling     |       |    23 |    82 |       ||   105
Throw: Dart              |       |    13 |    20 |     7 ||    40
 Cast: Magic Dart        |    77 |    78 |   117 |     7 ||   279
       Mephitic Cloud    |       |     4 |    31 |     7 ||    42
       Conjure Flame     |       |     3 |    17 |     8 ||    28
 Abil: Dig               |     2 |     6 |    13 |     1 ||    22
       Shaft Self        |       |     1 |       |       ||     1
Evoke: Wand              |       |       |     4 |     4 ||     8
  Use: Scroll            |       |     5 |     5 |     3 ||    13
       Potion            |       |       |     2 |     1 ||     3
 Stab: Confused          |       |       |     6 |     1 ||     7
       Sleeping          |       |       |     1 |       ||     1
  Eat: Chunk             |     5 |     8 |    16 |     5 ||    34
       Ration            |       |       |     1 |       ||     1
Armor: Robe              |     1 |     2 |    16 |     4 ||    23
Dodge: Dodged            |    12 |    17 |    93 |    13 ||   135
